 Dungeon Crawl Stone Soup version 0.30-a0-782-ge64f9170bb (webtiles) character file.

Game seed: 1865466611435786379

760 Leeroy the Carver (level 7, -3/52 HPs)
             Began as a Merfolk Monk on Mar 2, 2023.
             Succumbed to a water moccasin's poison
             ... on level 5 of the Dungeon.
             The game lasted 00:04:36 (3585 turns).

Leeroy the Carver (Merfolk Monk)                    Turns: 3585, Time: 00:04:37

Health: -3/52      AC:  4    Str: 12    XL:     7   Next: 80%
Magic:  7/7        EV: 14    Int:  9    God:
Gold:   242        SH:  0    Dex: 18    Spells: 1/6 levels left

rFire   . . .      SeeInvis .    a - +0 falchion
rCold   . . .      Faith    .    (no shield)
rNeg    . . .      Spirit   .    b - +0 robe
rPois   .          Reflect  .    h - +1 helmet
rElec   .          Harm     .    (no cloak)
rCorr   .          Rampage  .    (no gloves)
Will    .....                    (no boots)
Stlth   ++                       (no amulet)
HPRegen 0.28/turn                (no ring)
MPRegen 0.10/turn                (no ring)

@: brilliant, lethally poisoned (-3 -> -24), studying Axes
A: (nimble swimmer 2), mertail
a: no special abilities


You were on level 5 of the Dungeon.
You visited 1 branch of the dungeon, and saw 5 of its levels.

You collected 242 gold pieces.

Inventory:

Hand Weapons
 a - a +0 falchion (weapon)
 d - a +0 dagger of flaming
 q - a +1 vampiric dagger
Armour
 b - a +0 robe (worn)
 h - a +1 helmet (worn)
 z - the +1 ring mail of Huepn {-Tele +Inv rCorr Int+2}
   (You found it on level 5 of the Dungeon)

   Int:       It affects your intelligence (+2).
   +Inv:      It lets you turn invisible.
   -Tele:     It prevents most forms of teleportation.
   rCorr:     It protects you from acid and corrosion.
Scrolls
 e - a scroll of fog {unknown}
 g - 7 scrolls of identify {unknown}
 i - a scroll of summoning {unknown}
 j - a scroll of enchant armour {unknown}
 k - a scroll of enchant weapon {unknown}
 m - a scroll of blinking {unknown}
 n - 2 scrolls of magic mapping {unknown}
 r - a scroll of vulnerability {unknown}
 t - 3 scrolls of teleportation {unknown}
 v - 2 scrolls of poison {unknown}
 x - a scroll of fear {unknown}
 y - a scroll of noise {unknown}
Potions
 c - a potion of ambrosia
 f - a potion of flight {unknown}
 o - 2 potions of brilliance
 p - a potion of invisibility {unknown}
 s - a potion of magic {unknown}
 u - a potion of mutation {unknown}
 w - a potion of lignification {unknown}


   Skills:
 - Level 3.2 Fighting
 + Level 10.7 Long Blades
 - Level 4.0 Dodging
 - Level 2.1 Stealth


You had one spell level left.
You knew the following spells:

 Your Spells              Type           Power      Damage    Failure   Level
a - Blink                 Tloc           0%         N/A       52%         2
b - Vhi's Electric Charg  Tloc/Air       0%         N/A       77%         3

Your spell library contained the following spells:

 Spells                   Type           Power      Damage    Failure   Level
 Lesser Beckoning         Tloc           0%         N/A       52%         2
 Momentum Strike          Conj/Tloc      0%         3d8       52%         2
 Scorch                   Fire           0%         2d5       52%         2
 Static Discharge         Conj/Air       0%         2-2/arc   52%         2
 Flame Wave               Conj/Fire      0%         2d4       99%         4
 Arcjolt                  Conj/Air       0%         1d10      100%        5
 Lightning Bolt           Conj/Air       0%         1d11      100%        5
 Summon Cactus Giant      Summ           0%         N/A       100%        6


Dungeon Overview and Level Annotations

Branches:
Dungeon (5/15)
 Temple: D:4-7

Altars:


Innate Abilities, Weirdness & Mutations

((You are very nimble when in or above water. (Stealth+, EV+, Speed+++)))
Your lower body shifts to a powerful aquatic tail in water.


Message History

You feel sick. The water moccasin closely misses you.
You hit the water moccasin but do no damage.
The water moccasin is moderately wounded.
You feel sick. The water moccasin bites you.
You hit the water moccasin.
The water moccasin is heavily wounded.
You feel sick.
The water moccasin bites you but does no damage.
You closely miss the water moccasin.
The water moccasin is heavily wounded.
You feel sick. The water moccasin misses you.
You barely miss the water moccasin.
The water moccasin is heavily wounded.
You feel sick. The water moccasin bites you.
You are more poisoned.
The water moccasin poisons you!
You closely miss the water moccasin.
The water moccasin is heavily wounded.
You feel very sick. The water moccasin bites you.
You are lethally poisoned!
The water moccasin poisons you!
You hit the water moccasin.
The water moccasin is heavily wounded.
You feel extremely sick.
The water moccasin bites you but does no damage.
You slash the water moccasin!
The water moccasin is severely wounded.
* * * LOW HITPOINT WARNING * * *
You feel very sick.
The water moccasin completely misses you.
You hit the water moccasin.
The water moccasin is almost dead.
* * * LOW HITPOINT WARNING * * *
You feel very sick. The water moccasin bites you!
* * * LOW HITPOINT WARNING * * *
It was a potion of brilliance.
You feel clever all of a sudden.
You die...

#.#.#. ####
#..... ...#
#####. ... ## .!
# # #. #.#.##
#....######
#(....†S@.#
#....####.#
#.#.## #.# #.#.
#.# . #. #.# . #.
#.# ######## ##
#.
#.########.......
#..........######
############


You could see a water moccasin.

Vanquished Creatures
  An ogre (D:4)
  2 phantoms
  A necrophage (D:4)
  2 hounds
  Jessica (D:2)
  2 iguanas
  3 orc wizards
  12 adders
  4 gnolls (D:2)
  2 ufetubi
  A worm (D:2)
  7 dart slugs
  6 orcs (D:4)
  9 bats
  9 endoplasms
  2 giant cockroaches (D:1)
  7 goblins
  4 hobgoblins
  3 kobolds
  5 quokkas
  13 ball pythons
  3 frilled lizards
  4 rats
103 creatures vanquished.

Notes
Turn   | Place    | Note
-------+----------+-------------------------------------------
     0 | D:1      | Leeroy the Merfolk Monk began the quest for the Orb.
     0 | D:1      | Reached XP level 1. HP: 18/18 MP: 1/1
    72 | D:1      | Reached skill level 4 in Long Blades
    91 | D:1      | Reached XP level 2. HP: 22/24 MP: 2/2
   247 | D:1      | Reached XP level 3. HP: 29/29 MP: 3/3
   249 | D:1      | Reached skill level 5 in Long Blades
  1158 | D:2      | Noticed Jessica
  1162 | D:2      | Killed Jessica
  1163 | D:2      | Reached skill level 6 in Long Blades
  1163 | D:2      | Reached XP level 4. HP: 31/35 MP: 4/4
  1254 | D:2      | Reached XP level 5. HP: 31/41 MP: 5/5
  1354 | D:2      | You fall into a shaft and drop 1 floor!
  1434 | D:3      | Reached skill level 7 in Long Blades
  2083 | D:3      | Noticed a phantom
  2108 | D:3      | Killed a phantom
  2109 | D:3      | Reached skill level 8 in Long Blades
  2109 | D:3      | Reached XP level 6. HP: 42/47 MP: 6/6
  2550 | D:4      | Reached skill level 9 in Long Blades
  2550 | D:4      | Reached XP level 7. HP: 33/52 MP: 7/7
  2842 | D:4      | Learned a level 2 spell: Blink
  2846 | D:4      | Learned a level 3 spell: Vhi's Electric Charge
  2914 | D:4      | Reached skill level 10 in Long Blades
  3268 | D:5      | Entered Level 5 of the Dungeon
  3493 | D:5      | Identified the +1 ring mail of Huepn {-Tele +Inv rCorr
                  | Int+2}
  3584 | D:5      | HP: 1/52 [water moccasin (8)]
  3585 | D:5      | Succumbed to a water moccasin's poison

Illustrated notes

Levels and vault maps discovered:
D:1:      amcnicky_arrival_single_pillar, layout_loops_ring,
          chequers_serial_rivers_marsh, minmay_shallow_snake_nest
D:2:      layout_loops_ring, dilly_ecumenical_altar_fadedgnrine, uniq_jessica
D:3:      layout_loops_ring, minmay_box_of_dots
D:4:      layout_cave_pools, nicolae_half_adder
D:5:      layout_loops_ring, minmay_a_box_with_orc_wizards_in_it

Skill      XL: |  1  2  3  4  5  6  7 |
---------------+----------------------+-----
Long Blades    | 4 6 8 9 10 | 10.7
Fighting       | |  3.2
Dodging        | |  4.0
Stealth        | |  2.1

Action                     |  1- 3 |  4- 6 |  7- 9 || total
---------------------------+-------+-------+-------++-------
  Melee: Falchion          |    74 |   191 |    88 ||   353
         Punch             |     1 |     1 |       ||     2
  Throw: Javelin           |       |     1 |     4 ||     5
    Use: Potion            |       |     2 |     1 ||     3
   Stab: Sleeping          |    13 |     8 |     5 ||    26
 Armour: Robe              |     7 |    34 |    11 ||    52
  Dodge: Dodged            |    45 |   135 |    40 ||   220

Table legend: (Time is in decaauts)
 A = Elapsed time spent in this place.
 B = Non-inter-level travel time spent in this place.
 C = Inter-level travel time spent in this place.
 D = Time resting spent in this place.
 E = Time spent auto-exploring this place.
 F = Levels seen in this place.
 G = Mean time per level.
                   A        B        C        D        E       F      G
               +--------+--------+--------+--------+--------+-----+--------+
         Total |   3557 |   3462 |     95 |      0 |   2673 |   5 |  711.4 |
       Dungeon |   3557 |   3462 |     95 |      0 |   2673 |   5 |  711.4 |
               +--------+--------+--------+--------+--------+-----+--------+

Top non-repeatable levels by time:
     D:4: 977 daAuts
     D:3: 916 daAuts
     D:1: 856 daAuts
     D:2: 498 daAuts
     D:5: 309 daAuts
